 Dungeon Crawl Stone Soup version 0.27-a0-46-g34d46f0a3f (webtiles) character file.

Game seed: 8973944894394937885

70 Borgoz the Covered (level 4, 0/31 HPs)
             Began as a Halfling Fighter on Jan 6, 2021.
             Slain by a hobgoblin
             ... wielding a +0 club
             ... led by Robin
              (4 damage)
             ... on level 2 of the Dungeon.
             The game lasted 00:01:40 (1036 turns).

Borgoz the Covered (Halfling Fighter)               Turns: 1036, Time: 00:01:40

Health: 0/31       AC:  4    Str: 17    XL:     4   Next: 44%
Magic:  4/4        EV:  8    Int:  6    God:
Gold:   87         SH:  9    Dex: 14    Spells: 3/3 levels left

rFire    . . .     SeeInvis .   a - +0 long sword
rCold    . . .     Faith    .   c - +0 kite shield
rNeg     . . .     Spirit   .   b - +0 scale mail
rPois    .         Reflect  .   (no helmet)
rElec    .         Harm     .   (no cloak)
rCorr    .         Rampage  .   g - +0 pair of gloves
Will     .....                  (no boots)
Stlth    ..........             (no amulet)
HPRegen  0.10/turn              h - -4 ring of protection (curse)
MPRegen  0.09/turn              (no ring)

@: about to teleport
A: small, mutation resistance 1
a: no special abilities


You were on level 2 of the Dungeon.
You visited 1 branch of the dungeon, and saw 2 of its levels.

You collected 87 gold pieces.

Inventory:

Hand Weapons
 a - a +0 long sword (weapon)
Armour
 b - a +0 scale mail (worn)
 c - a +0 kite shield (worn)
 g - a +0 pair of gloves (worn)
Jewellery
 h - a cursed -4 ring of protection (left hand)
 j - an uncursed amulet of guardian spirit {unknown}
Potions
 d - 4 potions of might
 e - a potion of brilliance {unknown}
 f - a potion of berserk rage {unknown}


   Skills:
 * Level 3.4 Fighting
 * Level 3.0 Long Blades
 + Level 3.7 Armour
 + Level 3.6 Shields


You had 3 spell levels left.
You didn't know any spells.
Your spell library was empty.

Dungeon Overview and Level Annotations

Branches:
Dungeon (2/15)

Altars:

Annotations:
D:2 Robin


Innate Abilities, Weirdness & Mutations

You are small and have problems with some larger weapons.
You are somewhat resistant to further mutation.


Message History

You are too injured to fight recklessly!
You are too injured to fight recklessly!
You are too injured to fight recklessly!
You are too injured to fight recklessly!
You are too injured to fight recklessly!
You are too injured to fight recklessly!
You are too injured to fight recklessly!
As you read the scroll of teleportation, it crumbles to dust.
You feel strangely unstable. You block the goblin's attack.
The goblin hits you but does no damage.
The hobgoblin hits you with a cursed -2 club!
* * * LOW HITPOINT WARNING * * *
The goblin hits you but does no damage. The goblin completely misses you.
You barely miss the goblin. You block the hobgoblin's attack.
The goblin barely misses you. The goblin closely misses you.
The goblin hits you with a +0 dagger.
* * * LOW HITPOINT WARNING * * *
The goblin closely misses you. You block the hobgoblin's attack.
The hobgoblin hits you with a +0 club.
You die...

...#....# ######,,,,,,,,*,*,*
...#....###....+,.......*,*,*
...'....'.#.####,.......*,*,* ***
...#....#...####,......,,,*,* *,,
...######.#..#..,.....,#,**,***,*
...# #....#.#*...##.#,**,,,,,*
...# #....#.##.......,********
####**####...#.ggg...#.#**** *
..,,,..$.......g@g......>,,* *
##***#####..#####g..##+#**** *
#...,,,,g......,* * *
#..,,,,,.......,******** #
****#..,,,,,....?..,+,,,,,,, #
*,,,..#,,***+#.....,******** #
***,,.?.**,* *,*.....,*
****,+,,,,,**,***,*.....,*
**,***,,,,,**,,**,*,,,,,,*


You could see Robin, 2 hobgoblins and 4 goblins.

Vanquished Creatures
  An adder (D:2)
  An ooze (D:1)
  5 dart slugs (D:1)
  3 leopard geckos
  3 bats (D:1)
  2 giant cockroaches (D:1)
  8 goblins
  4 hobgoblins
  3 jackals (D:1)
  A quokka (D:2)
  A frilled lizard (D:1)
  4 kobolds (D:1)
  6 rats
42 creatures vanquished.

Notes
Turn   | Place    | Note
-------+----------+-------------------------------------------
     0 | D:1      | Borgoz the Halfling Fighter began the quest for the Orb.
     0 | D:1      | Reached XP level 1. HP: 15/15 MP: 1/1
   132 | D:1      | Reached XP level 2. HP: 19/20 MP: 2/2
   310 | D:1      | Reached XP level 3. HP: 26/26 MP: 3/3
   777 | D:2      | Reached XP level 4. HP: 31/31 MP: 4/4
  1026 | D:2      | Noticed Robin
  1036 | D:2      | Slain by a hobgoblin

Illustrated notes

Levels and vault maps discovered:
D:1:      scummos_arrival_hexagon, layout_rooms
D:2:      layout_basic, chequers_ecumenical_altar_lobes, uniq_robin

Skill      XL: |  1  2  3  4 |
---------------+-------------+-----
Fighting       | 3 |  3.4
Long Blades    | 3 |  3.0
Armour         | |  3.7
Shields        | |  3.6

Action                   |  1- 3 |  4- 6 || total
-------------------------+-------+-------++-------
Melee: Long sword        |    92 |    25 ||   117
  Use: Scroll            |     1 |     2 ||     3
Armor: Scale mail        |    33 |    12 ||    45
Dodge: Dodged            |    38 |    21 ||    59
Block: Kite shield       |    62 |    31 ||    93
       Rpst.: Long sword |    12 |     6 ||    18

Table legend: (Time is in decaauts)
 A = Elapsed time spent in this place.
 B = Non-inter-level travel time spent in this place.
 C = Inter-level travel time spent in this place.
 D = Time resting spent in this place.
 E = Time spent auto-exploring this place.
 F = Levels seen in this place.
 G = Mean time per level.
                   A        B        C        D        E       F      G
               +--------+--------+--------+--------+--------+-----+--------+
         Total |   1078 |   1063 |     15 |      4 |    788 |   2 |  539.0 |
       Dungeon |   1078 |   1063 |     15 |      4 |    788 |   2 |  539.0 |
               +--------+--------+--------+--------+--------+-----+--------+

Top non-repeatable levels by time:
     D:1: 808 daAuts
     D:2: 270 daAuts
